 Dungeon Sprint DCSS version 0.28-a0-390-gb254ac4902 (webtiles) character file.

Game seed: 15737864019067682643

448 Lochraine the Fighter (level 6, -1/102 HPs)
             Began as a Draconian Berserker on Sept 3, 2021.
             Was a Believer of Trog.
             Slain by Sonja (3 damage)
             ... in the Dungeon (Sprint I: "Red Sonja").
             The game lasted 00:02:24 (660 turns).

Lochraine the Fighter (Draconian Berserker)          Turns: 660, Time: 00:02:24

Health: -1/102     AC:  6    Str: 20    XL:     6   Next: 73%
Magic:  6/6        EV: 12    Int:  8    God:    Trog [**....]
Gold:   297        SH:  0    Dex: 11    Spells: 5/5 levels left

rFire   . . .      SeeInvis .   a - +0 mace
rCold   . . .      Faith    .   (no shield)
rNeg    . . .      Spirit   .   (armour unavailable)
rPois   .          Reflect  .   (helmet restricted)
rElec   .          Harm     .   (no cloak)
rCorr   .          Rampage  .   (no gloves)
Will    ++...      NoTele   +   (no boots)
Stlth   ..........              (no amulet)
HPRegen 1.27/turn               (no ring)
MPRegen 0.10/turn               (no ring)

@: berserking (expiring), lethally poisoned (-1 -> -1), strong-willed
(expiring), regenerating (expiring), slowed
A: AC +6, unfitting armour, cold-blooded
a: Renounce Religion, Berserk, Trog's Hand


You were in the Dungeon.
You worshipped Trog.
Trog was pleased with you.
You visited 1 branch You collected 297 gold pieces.

Inventory:

Hand Weapons
 a - a +0 mace (weapon)
Wands
 h - a wand of polymorph (5)
   (You took it off Ijyb in the Dungeon)
 t - a wand of flame (12)
   (You took it off Sigmund in the Dungeon)
Scrolls
 g - a scroll of blinking
Potions
 b - a potion of curing {@q1}
 d - a potion of haste {@q3}
 e - 2 potions of magic
 f - a potion of berserk rage


   Skills:
 + Level 11.5 Fighting
 + Level 10.6 Maces & Flails
 - Level 2.6 Dodging


You had 5 spell levels left.
You didn't know any spells.
Your spell library was empty.

Dungeon Overview and Level Annotations

Branches:
Dungeon (1/1)

Altars:
Cheibriados
Dithmenos
Elyvilon
Fedhas
Gozag
Hepliaklqana
Kikubaaqudgha
Nemelex Xobeh
Okawaru
Qazlal
Ru
Sif Muna
Trog
Uskayaw
Vehumet
Wu Jian
Yredelemnul
Zin
The Shining One

Shops:
D !

Annotations:
D Sonja


Innate Abilities, Weirdness & Mutations

Your plain brown scales are hard. (AC +6)
You cannot fit into any form of body armour.
You are cold-blooded and may be slowed by cold attacks.


Message History

There is an entrance to Tipo's Distillery here.
There is an open door, spattered with blood here.
You open the door.
Sonja, the Graceful Assassin comes into view.
She is wielding a +0 short sword of distortion and quivering curare-tipped darts.
Sonja shouts!
Found 108 gold pieces.
Okay, then.
Your skin crawls.
You feel strong-willed.
Sonja throws a curare-tipped dart.
The curare-tipped dart hits you.
You are poisoned.
You have difficulty breathing.
You feel yourself slow down.
A red film seems to cover your vision as you go berserk!
You feel yourself moving faster!
You feel mighty!
You feel very sick.
Sonja hits you with a +0 short sword of distortion.
Sonja hits you with a +0 short sword of distortion.
Space warps horribly around you!! Sonja hits you but does no damage.
You barely miss Sonja.
You feel very sick. Sonja closely misses you. Sonja misses you.
Sonja barely misses you.
You closely miss Sonja.
Your tail-slap misses Sonja.
You feel sick.
Sonja hits you with a +0 short sword of distortion.
* * * LOW HITPOINT WARNING * * *
Space bends around you.
* * * LOW HITPOINT WARNING * * *
Sonja hits you with a +0 short sword of distortion.
* * * LOW HITPOINT WARNING * * *
Sonja hits you with a +0 short sword of distortion.
* * * LOW HITPOINT WARNING * * *
You sock Sonja!
Your tail-slap misses Sonja.
You feel the effects of Trog's Hand fading.
You feel sick. Sonja closely misses you. Sonja barely misses you.
Sonja misses you.
You barely miss Sonja.
Your tail-slap misses Sonja.
You feel sick.
Sonja hits you with a +0 short sword of distortion.
* * * LOW HITPOINT WARNING * * *
Space bends around you.
* * * LOW HITPOINT WARNING * * *
Sonja hits you with a +0 short sword of distortion.
* * * LOW HITPOINT WARNING * * *
Space warps horribly around you!!
* * * LOW HITPOINT WARNING * * *
Sonja closely misses you. Sonja hits you but does no damage.
Sonja hits you with a +0 short sword of distortion.
* * * LOW HITPOINT WARNING * * *
Sonja hits you with a +0 short sword of distortion.
You die...

################
#<.#..'..#.)'..#
#..).)#..'..#..+
#..#####'#####'#
#..####..#...#(#
#..#__####..##(#
#..#_____##'#_.+
#⌠⌠#_.∩...'..._#
####_..__##_@#+#
#_____###K#
####### #.# $.$
$.$ ##.## #+#


You could see Sonja.

Vanquished Creatures
  Sigmund (D)
  A yak (D)
  An ogre (D)
  A jelly (D)
  Ijyb (D)
5 creatures vanquished.

Notes
Turn   | Place    | Note
-------+----------+-------------------------------------------
     0 | D        | Lochraine the Draconian Berserker began the quest for the
                  | Orb.
     0 | D        | Reached XP level 1. HP: 19/19 MP: 1/1
     2 | D        | Noticed Ijyb
    10 | D        | Killed Ijyb
    11 | D        | Reached skill level 5 in Fighting
    11 | D        | Reached XP level 2. HP: 29/29 MP: 2/2
   115 | D        | Noticed an ogre
   123 | D        | Killed an ogre
   124 | D        | Reached skill level 7 in Fighting
   124 | D        | Reached XP level 3. HP: 38/40 MP: 3/3
   124 | D        | Reached XP level 4. HP: 46/48 MP: 4/4
   237 | D        | Noticed Sigmund
   245 | D        | Killed Sigmund
   245 | D        | Reached ** piety under Trog
   246 | D        | Reached skill level 10 in Fighting
   246 | D        | Reached XP level 5. HP: 51/58 MP: 5/5
   246 | D        | Reached XP level 6. HP: 58/66 MP: 6/6
   373 | D        | Found a shimmering blue altar of Sif Muna.
   374 | D        | Found an ornate altar of the Wu Jian Council.
   375 | D        | Found a radiant altar of Vehumet.
   388 | D        | Found Tipo's Distillery.
   388 | D        | Found an ancient bone altar of Kikubaaqudgha.
   388 | D        | Found a hazy altar of Hepliaklqana.
   388 | D        | Found a stormy altar of Qazlal.
   388 | D        | Found a hide-covered altar of Uskayaw.
   388 | D        | Found a blossoming altar of Fedhas.
   388 | D        | Found a bloodstained altar of Trog.
   388 | D        | Found an iron altar of Okawaru.
   388 | D        | Found a basalt altar of Yredelemnul.
   388 | D        | Found a glowing golden altar of the Shining One.
   388 | D        | Found a snail-covered altar of Cheibriados.
   388 | D        | Found a sacrificial altar of Ru.
   388 | D        | Found a glowing silver altar of Zin.
   388 | D        | Found a shadowy altar of Dithmenos.
   388 | D        | Found a white marble altar of Elyvilon.
   388 | D        | Noticed a yak
   410 | D        | Killed a yak
   411 | D        | Reached skill level 11 in Fighting
   411 | D        | Reached skill level 10 in Maces & Flails
   627 | D        | Found an opulent altar of Gozag.
   641 | D        | Found a sparkling altar of Nemelex Xobeh.
   654 | D        | Noticed Sonja
   660 | D        | HP: 3/102 [Sonja (20)]
   660 | D        | Slain by Sonja

Illustrated notes

Levels and vault maps discovered:
D:        dungeon_sprint_1 [red_sonja_temple_1, red_sonja_temple_small_1]

Skill      XL: |  1  2  3  4  5  6 |
---------------+-------------------+-----
Fighting       | 5 7 10 11 | 11.5
Maces & Flails | 4 7 9 10 | 10.6
Dodging        | |  2.6

Action                   |  1- 3 |  4- 6 || total
-------------------------+-------+-------++-------
Melee: Mace              |     9 |    22 ||    31
       Tailslap          |       |     4 ||     4
Invok: Berserk           |     2 |     3 ||     5
       Trog's Hand       |       |     1 ||     1
  Use: Potion            |     1 |       ||     1
Armor: Skin              |     3 |     5 ||     8
Dodge: Dodged            |     2 |    19 ||    21

Table legend: (Time is in decaauts)
 A = Elapsed time spent in this place.
 B = Non-inter-level travel time spent in this place.
 C = Inter-level travel time spent in this place.
 D = Time resting spent in this place.
 E = Time spent auto-exploring this place.
 F = Levels seen in this place.
 G = Mean time per level.
                   A        B        C        D        E       F      G
               +--------+--------+--------+--------+--------+-----+--------+
         Total |    692 |    692 |      0 |    543 |      0 |   1 |  692.0 |
       Dungeon |    692 |    692 |      0 |    543 |      0 |   1 |  692.0 |
               +--------+--------+--------+--------+--------+-----+--------+

Top non-repeatable levels by time:
       D: 692 daAuts
